 Dungeon Crawl Stone Soup version 0.28-a0-239-g68911e0c57 (webtiles) character file.

Game seed: 4664464202614263998

7 Colgate the Skirmisher (level 2, -1/32 HPs)
             Began as an Ogre Fighter on Aug 23, 2021.
             Succumbed to a goblin's poison
             ... on level 1 of the Dungeon.
             The game lasted 00:00:13 (350 turns).

Colgate the Skirmisher (Ogre Fighter)                Turns: 350, Time: 00:00:13

Health: -1/32      AC:  3    Str: 19    XL:     2   Next: 4%
Magic:  2/2        EV:  8    Int:  9    God:
Gold:   35         SH:  7    Dex:  8    Spells: 1/1 levels left

rFire   . . .      SeeInvis .   a - +0 flail
rCold   . . .      Faith    .   c - +0 kite shield
rNeg    . . .      Spirit   .   b - +0 robe
rPois   .          Reflect  .   (helmet restricted)
rElec   .          Harm     .   (no cloak)
rCorr   .          Rampage  .   (gloves unavailable)
Will    .....                   (boots unavailable)
Stlth   +.........              (no amulet)
HPRegen 0.10/turn               (no ring)
MPRegen 0.08/turn               (no ring)

@: lethally poisoned (-1 -> -6)
A: large, unfitting armour, tough skin 1
a: no special abilities


You were on level 1 of the Dungeon.
You visited 1 branch of the dungeon, and saw 1 of its levels.

You collected 35 gold pieces.


Innate Abilities, Weirdness & Mutations

You are too large for most types of armour.
You have tough skin. (AC +1)


   Skills:
 - Level 4.0 Fighting
 + Level 2.4 Maces & Flails
 - Level 2.6 Dodging
 - Level 2.6 Shields


You had one spell level left.
You didn't know any spells.
Your spell library was empty.

Inventory:

Hand Weapons
 a - a +0 flail (weapon)
Armour
 b - a +0 robe (worn)
 c - a +0 kite shield (worn)
Potions
 d - a potion of might

Dungeon Overview and Level Annotations

Branches:
Dungeon (1/15)

Altars:

Shops:
D:1 ::


Message History

You sock the bat!
You kill the bat!
Found 14 gold pieces.
Found a throwing net.
Enter note: You now have 14 gold pieces.
There is an entrance to Offagug's Book Shoppe here.
Found a short sword.
Found 21 gold pieces.
You see here a +0 short sword.
You now have 22 gold pieces (gained 8).
You now have 35 gold pieces (gained 13).
A frilled lizard comes into view.
The frilled lizard hisses angrily.
You hit the frilled lizard.
You kill the frilled lizard!
A goblin comes into view. It is wielding a +1 dagger of venom.
You barely miss the goblin.
The goblin hits you with a +1 dagger of venom.
You are poisoned.
You closely miss the goblin.
You feel very sick.
The goblin hits you with a +1 dagger of venom.
You are more poisoned.
The goblin hits you with a +1 dagger of venom.
You closely miss the goblin.
You feel very sick. The goblin barely misses you.
You closely miss the goblin.
You feel very sick. The goblin barely misses you.
The goblin hits you but does no damage.
You are lethally poisoned!
You sock the goblin!
You kill the goblin!
You feel very sick.
You have reached level 2!
You feel sick.
You feel sick.
You feel sick.
You die...

#.....###...#.#
###.###.###.#.#
#...........##
####..........
###.......... .
#............ ..}
#######.##.....)...
...\.#.......#####...###
..}.}.)@....######...#
###....####........###
....... ########.#
....... #.# ......# ..#
.....# .## ..... ..
..... .. .#.


There were no monsters in sight!

Vanquished Creatures
  A ball python (D:1)
  A bat (D:1)
  A giant cockroach (D:1)
  A goblin (D:1)
  A hobgoblin (D:1)
  A frilled lizard (D:1)
6 creatures vanquished.

Notes
Turn   | Place    | Note
-------+----------+-------------------------------------------
     0 | D:1      | Colgate the Ogre Fighter began the quest for the Orb.
     0 | D:1      | Reached XP level 1. HP: 24/24 MP: 1/1
     0 | D:1      | 0 ||| counter = 24
   287 | D:1      | Found Offagug's Book Shoppe.
   333 | D:1      | Found Neohi's Book Boutique.
   346 | D:1      | HP: 4/24 [poisoned by a goblin]
   347 | D:1      | Reached XP level 2. HP: 6/32 MP: 2/2
   349 | D:1      | HP: 1/32 [poisoned by a goblin]
   350 | D:1      | Succumbed to a goblin's poison

Levels and vault maps discovered:
D:1:      evilmike_arrival_crescent, layout_rooms, serial_shops, shop,
          shop_fountains, minmay_indecisive_spiral

Skill      XL: |  1 |
---------------+----+-----
Maces & Flails | 2 |  2.4
Fighting       | |  4.0
Dodging        | |  2.6
Shields        | |  2.6

Action                   || total
-------------------------++-------
Melee: Flail             ||    26
Armor: Robe              ||    11
Dodge: Dodged            ||    11
Block: Kite shield       ||     4

Table legend:
 A = Non-vault XP
 B = Vault XP
 C = Vault XP percentage of total XP
 D = Non-vault monster count
 E = Vault monster count
 F = Vault count percentage of total count
                 A         B        C        D         E       F
            +---------+---------+-------+---------+---------+-------
      Total |       5 |       6 |  54.5 |       3 |       3 |  50.0
            +---------+---------+-------+---------+---------+-------
        D:1 |       5 |       6 |  54.5 |       3 |       3 |  50.0
            +---------+---------+-------+---------+---------+-------
